 Dungeon Crawl Stone Soup version 0.29-a0-541-gaf1fc19f1b (webtiles) character file.

Game seed: 5059006006662563191

5921 Sobieck the Merchant of Misery (level 10, -14/71 HPs)
             Began as a Mummy Necromancer on June 1, 2022.
             Was a Believer of Kikubaaqudgha.
             Demolished by a two-headed ogre
             ... wielding a +0 giant club
              (30 damage)
             ... on level 9 of the Dungeon on June 2, 2022.
             The game lasted 00:37:31 (12060 turns).

Sobieck the Merchant of Misery (Mummy Necromancer) Turns: 12060, Time: 00:37:31

Health: -14/71     AC:  5    Str: 12    XL:     10   Next: 53%
Magic:  20/24      EV: 12    Int: 25    God:    Kikubaaqudgha [**....]
Gold:   564        SH:  0    Dex: 12    Spells: 10/29 levels left

rFire   + + .      SeeInvis .   m - staff of death {!astaff}
rCold   + + +      Faith    +   (no shield)
rNeg    + + +      Spirit   .   d - +1 robe of Heresy {rElec rF++ rC+++ Stlth-}
rPois   ∞          Reflect  .   (no helmet)
rElec   +          Harm     .   i - +0 cloak
rCorr   .          Rampage  .   H - +0 pair of gloves
Will    +....                   (no boots)
Stlth   +.........              g - amulet of faith {!P}
HPRegen 0.21/turn               f - ring of protection from fire
MPRegen 0.19/turn               p - +6 ring of intelligence

@: no status effects
A: cold resistance 1, negative energy resistance 3, torment resistance 2, heat
vulnerability 1, in touch with death 1, no potions
a: Renounce Religion, Unearth Wretches


You were on level 9 of the Dungeon.
You worshipped Kikubaaqudgha.
Kikubaaqudgha was pleased with you.
You visited 2 branches of the dungeon, and saw 10 of its levels.

You collected 564 gold pieces.


Innate Abilities, Weirdness & Mutations

You are immune to poison.
Your flesh is cold resistant. (rC+)
You are immune to negative energy. (rN+++)
You are immune to unholy pain and torment.
You are vulnerable to heat. (rF-)
You are in touch with the powers of death.
You do not drink.


   Skills:
 - Level 4.0 Fighting
 - Level 3.0 Staves
 - Level 1.5 Dodging
 - Level 1.5 Stealth
 - Level 10.0 Spellcasting
 + Level 12.1 Necromancy
 + Level 4.1 Air Magic


You had 10 spell levels left.
You knew the following spells:

 Your Spells              Type           Power      Damage    Failure   Level
a - Necrotize             Necr           100%       1d9       1%          1
b - Vampiric Draining     Necr           100%       2d13      1%          3
c - Animate Dead          Necr           100%       N/A       1%          4
d - Anguish               Hex/Necr       38%        N/A       4%          4
e - Swiftness             Air            33%        N/A       2%          3
f - Airstrike             Air            16%        N/A       9%          4

Your spell library contained the following spells:

 Spells                   Type           Power      Damage    Failure   Level
 Agony                    Necr           100%       N/A       1%          5
 Shock                    Conj/Air       88%        1d8       2%          1
 Foxfire                  Conj/Fire      48%        2x1d6     4%          1
 Conjure Flame            Conj/Fire      12%        6-21      14%         3
 Inner Flame              Hex/Fire       12%        N/A       14%         3
 Cause Fear               Hex            6%         N/A       43%         4
 Flame Wave               Conj/Fire      12%        2d6       43%         4
 Conjure Ball Lightning   Conj/Air       11%        3x3d6     97%         6
 Discord                  Hex            6%         N/A       100%        8
 Disjunction              Tloc           6%         N/A       100%        8

Inventory:

Hand Weapons
 b - a +4 shortbow {bow}
   (You found it on level 2 of the Dungeon)
 j - a +0 arbalest {crossbow}
   (You found it on level 2 of the Dungeon)
 l - a +0 hunting sling {sling}
   (You found it on level 2 of the Dungeon)
 r - a +1 short sword of speed {short}
   (You took it off a kobold on level 3 of the Dungeon)
 G - a +0 vorpal hand crossbow {crossbow}
   (You took it off a kobold on level 4 of the Dungeon)
 N - a +0 whip of distortion {!wmace}
   (You took it off a kobold on level 6 of the Dungeon)
 R - the +6 falchion of Veakh {vorpal, Str+2 Int+2, long}
   (You found it on level 7 of the Dungeon)

   It inflicts extra damage upon your enemies.
   Str:       It affects your strength (+2).
   Int:       It affects your intelligence (+2).
 S - a +3 vorpal quarterstaff {staff}
   (You took it off Joseph on level 7 of the Dungeon)
 V - a +2 vampiric short sword {short}
   (You took it off an orc on level 7 of the Dungeon)
Missiles
 c - 190 stones {throwing}
 e - a curare-tipped dart {=fthrowing}
 I - 6 boomerangs {throwing}
 L - 2 throwing nets {=f!fthrowing}
 M - 10 poisoned darts {throwing}
Armour
 d - the +1 robe of Heresy (worn) {rElec rF++ rC+++ Stlth-}
   (You took it off a kobold on level 8 of the Dungeon)

   rF:        It greatly protects you from fire.
   rC:        It renders you almost immune to cold.
   rElec:     It insulates you from electricity.
   Stlth:     It makes you less stealthy.
 i - a +0 cloak (worn)
   (You took it off Maurice on level 9 of the Dungeon)
 n - a +0 ring mail
   (You took it off a hobgoblin on level 3 of the Dungeon)
 u - a +0 ring mail
   (You found it on level 3 of the Dungeon)
 w - a +0 chain mail
   (You took it off an orc priest on level 5 of the Dungeon)
 x - a +0 ring mail
   (You took it off an orc on level 5 of the Dungeon)
 y - a +0 robe
   (You took it off an orc wizard on level 5 of the Dungeon)
 z - a +0 ring mail
   (You took it off an orc on level 5 of the Dungeon)
 A - a +0 robe
   (You took it off an orc wizard on level 5 of the Dungeon)
 B - a scarf of repulsion
   (You found it on level 5 of the Dungeon)
 C - a +0 robe
   (You found it on level 4 of the Dungeon)
 H - a +0 pair of gloves (worn)
   (You found it on level 4 of the Dungeon)
 J - a +0 ring mail
   (You found it on level 4 of the Dungeon)
 K - a +0 ring mail
   (You found it on level 6 of the Dungeon)
 O - a +0 robe
   (You took it off an orc wizard on level 6 of the Dungeon)
 P - a +0 leather armour
   (You found it on level 7 of the Dungeon)
 T - a +0 leather armour
   (You took it off Joseph on level 7 of the Dungeon)
 U - a +0 robe
   (You took it off an orc wizard on level 7 of the Dungeon)
 W - a +0 leather armour
   (You took it off an orc on level 7 of the Dungeon)
 X - a +0 leather armour
   (You took it off an orc priest on level 7 of the Dungeon)
 Z - a +0 plate armour
   (You found it on level 7 of the Dungeon)
Magical Staves
 m - a staff of death (weapon) {!astaff}
   (You found it on level 3 of the Dungeon)
Jewellery
 f - a ring of protection from fire (left hand)
   (You found it on level 1 of the Dungeon)
 g - an amulet of faith (around neck) {!P}
   (You found it on level 1 of the Dungeon)
 h - a ring of resist corrosion
   (You took it off a kobold on level 9 of the Dungeon)
 p - a +6 ring of intelligence (right hand)
   (You found it on level 3 of the Dungeon)
Wands
 k - a wand of digging (7)
   (You took it off Maurice on level 9 of the Dungeon)
 s - a wand of flame (30)
   (You found it on level 5 of the Dungeon)
 F - a wand of polymorph (18)
   (You found it on level 5 of the Dungeon)
 Q - a wand of iceblast (9)
   (You found it on level 7 of the Dungeon)
Scrolls
 a - 2 scrolls of enchant weapon
 o - a scroll of blinking {!r}
 q - 5 scrolls of teleportation {@r4}
 t - 4 scrolls of vulnerability {!r!r}
 v - 2 scrolls of fear
 D - 2 scrolls of fog
 E - a scroll of poison
 Y - a scroll of brand weapon {unknown}

Dungeon Overview and Level Annotations

Branches:
Dungeon (9/15)             Temple (1/1) D:5            Lair (0/6) D:9
    Orc (0/2) D:9

Altars:
Ashenzari
Cheibriados
Dithmenos
Elyvilon
Fedhas
Gozag
Hepliaklqana
Kikubaaqudgha
Makhleb
Nemelex Xobeh
Okawaru
Qazlal
Ru
Sif Muna
Trog
Uskayaw
Vehumet
Wu Jian
Xom
Yredelemnul
Zin
The Shining One

Shops:
D:9 [

Annotations:
D:3 2 transporters, Terence; nrs142's ghost, amateur MeFi
D:4 Edmund; Grinder
D:8 !wizard

### ##.## #.###..## #.###§D≈≈#§
..#####..####.#...## ##.§Yy.≈≈.#
.............#...## #.###§Y≈≈.[
..###.......####.## ##D# ..§§≈.
..#........## ##.####.## ..#§D≈
#.###.#....# #<.....# ... ≈≈
.###.#.#...## #Z.#...# ......
..#....#....#####O###...###......
....####....##.#@..##...##.......
....##.........#..####......#....
.....#......#.##..####........ #.
............###....##........# #
............##..##..##.......#
....####..#.#..####..#.......##
....###...###..####..#.. #...#
....##......#.#≈##≈#.#.## ##..###
............#.######.#..####...##


You could see a two-headed ogre (ally target) and a friendly two-headed ogre
zombie.


Message History

Aim: a wyvern (moderately wounded, ally target, chance to affect: 83%)
You feel a strong surge of power!
The wyvern writhes in agony.
The wyvern closely misses you.
Casting: Necrotize (safe; 1% risk of failure)
Confirm with . or Enter, or press ? or * to list all spells.
Aiming: Vampiric Draining (safe; 1% risk of failure)
Press: ? - help, Shift-Dir - straight line, f/p - wyvern
Aim: a wyvern (moderately wounded, ally target)
You feel a strong surge of power!
You draw life force from the wyvern.
The wyvern barely misses you. The wyvern closely misses you.
Casting: Vampiric Draining (safe; 1% risk of failure)
Confirm with . or Enter, or press ? or * to list all spells.
Aiming: Vampiric Draining (safe; 1% risk of failure)
Press: ? - help, Shift-Dir - straight line, f/p - wyvern
Aim: a wyvern (heavily wounded, ally target)
You feel a strong surge of power!
You draw life force from the wyvern.
The wyvern bites you but does no damage.
Casting: Vampiric Draining (safe; 1% risk of failure)
Confirm with . or Enter, or press ? or * to list all spells.
Aiming: Vampiric Draining (safe; 1% risk of failure)
Press: ? - help, Shift-Dir - straight line, f/p - wyvern
Aim: a wyvern (severely wounded, ally target)
You feel a strong surge of power!
You draw life force from the wyvern!
You kill the wyvern!
Kikubaaqudgha accepts your kill.
Casting: Vampiric Draining (safe; 1% risk of failure)
Confirm with . or Enter, or press ? or * to list all spells.
Okay, then.
Casting: Vampiric Draining (safe; 1% risk of failure)
Confirm with . or Enter, or press ? or * to list all spells.
Okay, then.
Unknown command.
Okay, then.
Unknown command.
Unknown command.
Okay, then.
Unknown command.
Okay, then.
Really put on
g - an amulet of faith {!P}?
You start putting on your amulet.
You continue putting on your amulet of faith {!P}. x5
You finish putting on your amulet of faith {!P}.
You feel a surge of divine interest.
g - an amulet of faith (around neck) {!P} Unknown command.
Okay, then.
Unknown command.
Okay, then.
Unknown command.
You swap places.
c - 190 stones {throwing} (gained 25)
Found an escape hatch in the ceiling.
Unknown command.
There is an escape hatch in the ceiling here.
You swap places.
You swap places.
You swap places.
You swap places.
You see here a +0 short sword {short}.
a - 2 scrolls of enchant weapon (gained 1)
You swap places.
You swap places.
You swap places.
You swap places.
There is a stone staircase leading down here.
You swap places.
There is a stone staircase leading up here.
A two-headed ogre comes into view. It is wielding two +0 giant clubs.
The two-headed ogre shouts in stereo!
Danger!
Unknown command.
Casting: Vampiric Draining (safe; 1% risk of failure)
Confirm with . or Enter, or press ? or * to list all spells.
Okay, then.
Unknown command.
The two-headed ogre attacks as you move away!
The two-headed ogre hits you with a +0 giant club!
The two-headed ogre barely misses you.
Casting: Vampiric Draining (safe; 1% risk of failure)
Confirm with . or Enter, or press ? or * to list all spells.
Casting: Anguish (dangerous; 4% risk of failure)
Press: ? - help, Dir - look around, f - activate
Okay, then.
Casting: Anguish (dangerous; 4% risk of failure)
Confirm with . or Enter, or press ? or * to list all spells.
Casting: Anguish (dangerous; 4% risk of failure)
Press: ? - help, Dir - look around, f - activate You feel a strong surge of power!
The two-headed ogre resists with some effort.
Your two-headed ogre zombie hits the two-headed ogre!
Your two-headed ogre zombie hits the two-headed ogre but does no damage.
The two-headed ogre hits you with a +0 giant club!!!
Ouch! That really hurt!
* * * LOW HITPOINT WARNING * * *
The two-headed ogre barely misses you.
Unknown command.
The two-headed ogre attacks as you move away!
The two-headed ogre hits you with a +0 giant club!!
You die...
Kikubaaqudgha rasps: "You have failed me!
Welcome... oblivion!"

Skill      XL: |  1  2  3  4  5  6  7  8  9 10 |
---------------+-------------------------------+-----
Spellcasting   | 3 4 5 6 9 10 | 10.0
Necromancy     | 5 6 8 10 11 12 | 12.1
Fighting       | 1 3 4 |  4.0
Staves         | 2 3 |  3.0
Air Magic      | 2 4 |  4.1
Dodging        | |  1.5
Stealth        | |  1.5

Action                   |  1- 3 |  4- 6 |  7- 9 | 10-12 || total
-------------------------+-------+-------+-------+-------++-------
Melee: Dagger            |     4 |       |       |       ||     4
       Staff             |     1 |     8 |    19 |     1 ||    29
       Punch             |       |     1 |       |       ||     1
 Fire: Arbalest          |     5 |       |       |       ||     5
 Cast: Necrotize         |    63 |    86 |    59 |    29 ||   237
       Vampiric Draining |     1 |     4 |    61 |    33 ||    99
       Animate Dead      |       |     3 |     7 |     2 ||    12
       Anguish           |       |       |       |     2 ||     2
Invok: Unearth Wretches  |       |       |     1 |       ||     1
Evoke: Wand              |       |       |     2 |       ||     2
  Use: Scroll            |     6 |     1 |     3 |     1 ||    11
 Stab: Sleeping          |     1 |       |       |       ||     1
Armor: Robe              |     5 |    13 |    18 |    25 ||    61
Dodge: Dodged            |    15 |    41 |    65 |    44 ||   165

Levels and vault maps discovered:
D:1:      amcnicky_arrival_feature_with_door, layout_basic, serial_forest,
          infiniplex_forest_lined_corner, infiniplex_forest_lined_room_,
          infiniplex_forest_diagonal, infiniplex_forest_end_3,
          infiniplex_forest_zigzag_2, infiniplex_forest_lined_2,
          infiniplex_forest_lined_3, infiniplex_forest_join, glass_columns_a,
          st_stairs_8
D:2:      layout_basic, basic_altar
D:3:      layout_basic, gammafunk_ghost_gnarly_gnolls, nrook_mini_vaults,
          minmay_misc_feat_five, uniq_terence
D:4:      layout_loops_corners, okawaru_ov_weapons_minmay,
          lightli_sewer_entry_pipes, minmay_misc_feat_plants,
          chequers_serial_rivers_small_3, uniq_edmund, uniq_grinder
D:5:      layout_basic, slow_altar_2, minmay_temple_entry_hall,
          kennysheep_generic_room_11
D:6:      layout_basic, lemuel_blue_sif_altar, nicolae_ossuary_entry_giza
D:7:      layout_basic, minmay_curled_crystal, minmay_misc_feat_room,
          hangedman_abyss_or_decor_passed, uniq_joseph, uniq_pikel
D:8:      cheibrodos_wizards_tower, layout_loops_ring, serial_shops,
          kennysheep_mini_moat, chequers_serial_rivers_small_3
D:9:      layout_layer_cave, minitemple, minmay_lair_entry_grove,
          hiddenorc1_lemuel, nrook_campfire, nicolae_shop_dragon_depot,
          grunt_ministairs_11, hangedman_misty_isle, uniq_maurice
Temple:   eino_wide_crystal_templ

Notes
Turn   | Place    | Note
-------+----------+-------------------------------------------
     0 | D:1      | Sobieck the Mummy Necromancer began the quest for the Orb.
     0 | D:1      | Reached XP level 1. HP: 13/13 MP: 4/4
   276 | D:1      | You pick up a book of Chaos and begin reading...
   276 | D:1      | You add the spells Conjure Ball Lightning, Disjunction and
                  | Discord to your library.
   901 | D:1      | Reached skill level 3 in Spellcasting
  1080 | D:2      | Reached XP level 2. HP: 19/19 MP: 4/6
  1231 | D:2      | Found an ornate altar of the Wu Jian Council.
  1571 | D:2      | You pick up a book of Air and begin reading...
  1571 | D:2      | You add the spells Shock, Swiftness and Airstrike to your
                  | library.
  1745 | D:3      | Gained mutation: You are in touch with the powers of death.
                  | [Mummy growth]
  1745 | D:3      | Reached XP level 3. HP: 15/24 MP: 0/8
  1749 | D:3      | Learned a level 3 spell: Vampiric Draining
  1950 | D:3      | You pick up a book of Hexes and begin reading...
  1950 | D:3      | You add the spells Inner Flame and Cause Fear to your
                  | library.
  2062 | D:3      | Reached skill level 4 in Spellcasting
  2227 | D:3      | Identified the +6 spear of Gudostri {elec, *Noise rC+ Will+
                  | Int+4 Dex+2}
  2227 | D:3      | Identified the +0 kite shield of Golden Contentment {rCorr}
  2227 | D:3      | Noticed a gnoll sergeant
  2300 | D:3      | Noticed Terence
  2373 | D:3      | Found a transporter.
  2383 | D:3      | Noticed nrs142's ghost (amateur MeFi)
  2388 | D:3      | Found a transporter.
  2628 | D:4      | Found an iron altar of Okawaru.
  2856 | D:4      | Noticed Grinder
  2895 | D:5      | Entered Level 5 of the Dungeon
  2912 | D:5      | Reached skill level 5 in Necromancy
  2986 | D:5      | Reached XP level 4. HP: 30/30 MP: 7/10
  2991 | D:5      | Learned a level 4 spell: Animate Dead
  3020 | D:5      | Noticed a centaur
  3032 | D:5      | HP: 7/30 [centaur (2)]
  3033 | D:5      | Killed a centaur
  3034 | D:5      | Reached XP level 5. HP: 6/35 MP: 2/11
  3306 | D:5      | Found a snail-covered altar of Cheibriados.
  3417 | D:5      | HP: 5/35 [orc priest/divine providence (13)]
  3418 | D:5      | Reached skill level 6 in Necromancy
  4223 | D:5      | Found a staircase to the Ecumenical Temple.
  4229 | Temple   | Entered the Ecumenical Temple
  4284 | Temple   | Became a worshipper of Kikubaaqudgha
  4477 | D:5      | Reached XP level 6. HP: 36/41 MP: 6/12
  4808 | D:4      | Reached skill level 7 in Necromancy
  5351 | D:4      | Noticed Edmund
  5553 | D:6      | Noticed a water moccasin
  5567 | D:6      | Killed a water moccasin
  5568 | D:6      | Reached skill level 8 in Necromancy
  5661 | D:6      | Reached skill level 1 in Fighting
  5661 | D:6      | Reached XP level 7. HP: 41/48 MP: 0/13
  6004 | D:6      | HP: 6/49 [gnoll sergeant/+0 spear (10)]
  6005 | D:6      | HP: 2/49 [black bear (4)]
  6007 | D:6      | Reached skill level 2 in Fighting
  6007 | D:6      | Reached skill level 5 in Spellcasting
  7224 | D:6      | Found a shimmering blue altar of Sif Muna.
  7319 | D:7      | Reached * piety under Kikubaaqudgha
  7319 | D:7      | Received a gift from Kikubaaqudgha
  7320 | D:7      | Reached skill level 3 in Fighting
  7320 | D:7      | Reached XP level 8. HP: 58/58 MP: 6/16
  7408 | D:7      | Identified the +6 falchion of Veakh {vorpal, Str+2 Int+2}
  7411 | D:7      | Noticed Joseph
  7488 | D:7      | Killed Joseph
  7489 | D:7      | Reached skill level 4 in Fighting
  7489 | D:7      | Reached skill level 6 in Spellcasting
  7489 | D:7      | Reached skill level 9 in Necromancy
  7874 | D:7      | Noticed Pikel
  7886 | D:7      | Killed Pikel
  7887 | D:7      | Reached skill level 10 in Necromancy
  7887 | D:7      | Reached XP level 9. HP: 52/65 MP: 10/18
  8131 | D:7      | Reached skill level 11 in Necromancy
  8433 | D:7      | Upgraded the game from 0.29-a0-529-gfa20dd96a1 to
                  | 0.29-a0-541-gaf1fc19f1b
  8489 | D:8      | Reached skill level 7 in Spellcasting
  8561 | D:8      | Reached skill level 8 in Spellcasting
  9156 | D:8      | Reached skill level 1 in Staves
  9201 | D:8      | You pick up a book of Flames and begin reading...
  9201 | D:8      | You add the spells Foxfire, Conjure Flame and Flame Wave to
                  | your library.
  9214 | D:8      | Identified the +1 robe of Heresy {rElec rF++ rC+++ Stlth-}
  9234 | D:8      | Noticed a wizard
  9644 | D:9      | Learned a level 4 spell: Anguish
  9648 | D:9      | Learned a level 3 spell: Swiftness
  9653 | D:9      | Learned a level 4 spell: Airstrike
  9848 | D:9      | Reached skill level 1 in Air Magic
  9943 | D:9      | Reached skill level 2 in Staves
  9947 | D:9      | Noticed Maurice
  9957 | D:9      | Found Haymon's Dragon-Slaying Spoils.
  9961 | D:9      | Killed Maurice
  9962 | D:9      | Reached skill level 2 in Air Magic
 10090 | D:9      | Reached skill level 9 in Spellcasting
 10090 | D:9      | Reached XP level 10. HP: 71/71 MP: 12/23
 10191 | D:9      | Reached skill level 3 in Air Magic
 10258 | D:9      | Reached ** piety under Kikubaaqudgha
 10412 | D:9      | Reached skill level 3 in Staves
 10698 | D:9      | Noticed a two-headed ogre
 10701 | D:9      | HP: 11/71 [two-headed ogre/+0 giant club (20)]
 10702 | D:9      | Killed a two-headed ogre
 10703 | D:9      | Reached skill level 4 in Air Magic
 11094 | D:9      | Found a bloodstained altar of Trog.
 11109 | D:9      | Found a shadowy altar of Dithmenos.
 11111 | D:9      | Found a stormy altar of Qazlal.
 11116 | D:9      | Found a sacrificial altar of Ru.
 11363 | D:9      | Reached skill level 10 in Spellcasting
 11363 | D:9      | Reached skill level 12 in Necromancy
 11406 | D:9      | Found a staircase to the Orcish Mines.
 11658 | D:9      | Found a staircase to the Lair.
 12053 | D:9      | Noticed a two-headed ogre
 12057 | D:9      | HP: 15/71 [two-headed ogre/+0 giant club (39)]
 12060 | D:9      | Demolished by a two-headed ogre

Vanquished Creatures
  A two-headed ogre (D:9)
  A manticore (D:7)
  Maurice (D:9)
  Joseph (D:7)
  2 hornets
  4 wyverns
  2 water moccasins
  2 sky beasts (D:9)
  4 black bears
  4 orc warriors
  2 ice beasts
  2 wolves (D:9)
  A centaur (D:5)
  4 bullfrogs
  2 kobold brigands
  2 scorpions
  6 killer bees (D:9)
  3 howler monkeys
  A hound (D:5)
  A jelly (D:8)
  2 orc priests
  A gnoll shaman (D:8)
  An iguana (D:6)
  6 orc wizards
  6 gnolls
  7 adders
  2 river rats (D:4)
  4 worms
  23 orcs
  2 giant cockroaches
  2 goblins (D:4)
  4 hobgoblins
  3 quokkas
  A ball python (D:2)
  6 bats
  A frilled lizard (D:2)
  22 kobolds
  2 rats
141 creatures vanquished.

Vanquished Creatures (collateral kills)
  Pikel (D:7)
  A water moccasin (D:9)
  A wolf (D:9)
  A black bear (D:7)
  2 lemures (D:7)
  A kobold brigand (D:9)
  A scorpion (D:9)
  A necrophage (D:6)
  An orc priest (D:9)
  A jelly (D:6)
  A mummy (D:6)
  A white imp (D:6)
  A worm (D:4)
  6 orcs (D:9)
  3 kobolds
  2 orc zombies (D:6)
  A rat (D:4)
26 creatures vanquished.

Vanquished Creatures (others)
  A wolf zombie (D:9)
  3 bullfrog zombies
  A black bear zombie (D:6)
  5 killer bee zombies (D:9)
  An ice beast zombie (D:8)
  2 howler monkey zombies (D:8)
  A jelly zombie (D:6)
  An iguana zombie (D:6)
  4 orcs (D:9)
  9 kobold zombies
  2 orc zombies (D:7)
  A fungus (D:9)
  21 plants
52 creatures vanquished.

Grand Total: 219 creatures vanquished

Table legend:
 A = Non-vault XP
 B = Vault XP
 C = Vault XP percentage of total XP
 D = Non-vault monster count
 E = Vault monster count
 F = Vault count percentage of total count
                 A         B        C        D         E       F
            +---------+---------+-------+---------+---------+-------
      Total |    3641 |    4818 |  57.0 |     116 |      50 |  30.1
            +---------+---------+-------+---------+---------+-------
        D:1 |       6 |       2 |  25.0 |       4 |       1 |  20.0
        D:2 |      28 |       0 |   0.0 |       9 |       0 |   0.0
        D:3 |      45 |       0 |   0.0 |      11 |       0 |   0.0
        D:4 |      30 |      65 |  68.4 |       9 |       8 |  47.1
        D:5 |     257 |      50 |  16.3 |      13 |       2 |  13.3
        D:6 |    1042 |      20 |   1.9 |      19 |       3 |  13.6
        D:7 |     509 |    1048 |  67.3 |      10 |       2 |  16.7
        D:8 |     924 |       0 |   0.0 |      19 |       0 |   0.0
        D:9 |     800 |    3633 |  82.0 |      22 |      34 |  60.7
            +---------+---------+-------+---------+---------+-------

Illustrated notes

Table legend:
 A = Kills in this place as a percentage of kills in entire the game.
 B = Kills by you in this place as a percentage of kills by you in the entire game.
 C = Kills by friends in this place as a percentage of kills by friends in the entire game.
 D = Other kills in this place as a percentage of other kills in the entire game.
 E = Experience gained in this place as a percentage of experience gained in the entire game.
 F = Experience gained in this place divided by the number of levels of this place that you have seen.
                   A       B       C       D       E      F
               +-------+-------+-------+-------+-------+----------------------
         Total | 100.0 | 100.0 | 100.0 | 100.0 | 100.0 | 845.9
       Dungeon | 100.0 | 100.0 | 100.0 | 100.0 | 100.0 | 939.9
               +-------+-------+-------+-------+-------+----------------------

Table legend: (Time is in decaauts)
 A = Elapsed time spent in this place.
 B = Non-inter-level travel time spent in this place.
 C = Inter-level travel time spent in this place.
 D = Time resting spent in this place.
 E = Time spent auto-exploring this place.
 F = Levels seen in this place.
 G = Mean time per level.
                   A        B        C        D        E       F      G
               +--------+--------+--------+--------+--------+-----+--------+
         Total |  12117 |  11751 |    366 |   3155 |   6190 |  10 | 1211.7 |
       Dungeon |  12039 |  11694 |    345 |   3155 |   6153 |   9 | 1337.7 |
        Temple |     77 |     56 |     21 |      0 |     37 |   1 |   77.0 |
               +--------+--------+--------+--------+--------+-----+--------+

Top non-repeatable levels by time:
     D:9: 2310 daAuts
     D:5: 1922 daAuts
     D:6: 1708 daAuts
     D:7: 1278 daAuts
     D:8: 1125 daAuts
     D:4: 1070 daAuts
     D:1: 1027 daAuts
     D:3: 908 daAuts
     D:2: 688 daAuts
  Temple: 77 daAuts
